 Seeded DCSS version 0.30-a0-802-gb92711b (webtiles) character file.

Game seed: 8599602368581359227 (custom seed)

43 Geeful the Ducker (level 3, 0/27 HPs)
             Began as a Demonspawn Fire Elementalist on Feb 24, 2023.
             Succumbed to a scorpion's poison
             ... on level 4 of the Dungeon.
             The game lasted 00:05:53 (1030 turns).

Geeful the Ducker (Demonspawn Fire Elementalist)    Turns: 1030, Time: 00:05:53

Health: 0/27       AC:  2    Str: 10    XL:     3   Next: 37%
Magic:  6/6        EV: 12    Int: 16    God:
Gold:   78         SH:  0    Dex: 13    Spells: 5/6 levels left

rFire   . . .      SeeInvis .    c - +0 spear
rCold   . . .      Faith    .    (no shield)
rNeg    . . .      Spirit   .    a - +0 robe
rPois   .          Reflect  .    (no helmet)
rElec   +          Harm     .    (no cloak)
rCorr   .          Rampage  .    (no gloves)
Will    +....                    (no boots)
Stlth   ++                       (no amulet)
HPRegen 0.24/turn                (no ring)
MPRegen 0.10/turn                (no ring)

@: lethally poisoned (0 -> -2), invisible
A: ignite blood 1, demonic touch 1, strong-willed 1, electricity resistance
a: no special abilities


You were on level 4 of the Dungeon.
You visited 1 branch of the dungeon, and saw 3 of its levels.

You collected 78 gold pieces.

Inventory:

Hand Weapons
 c - a +0 spear (weapon)
Missiles
 g - 5 poisoned darts
Armour
 a - a +0 robe (worn)
Magical Staves
 d - a staff of cold
Scrolls
 i - a scroll of enchant weapon
Potions
 b - a potion of magic
 f - a potion of flight


   Skills:
 + Level 2.1 Fighting
 + Level 2.7 Dodging
 - Level 1.7 Stealth
 - Level 2.0 Spellcasting
 - Level 1.0 Conjurations
 - Level 2.6 Fire Magic


You had 5 spell levels left.
You knew the following spells:

 Your Spells              Type           Power      Damage    Failure   Level
a - Foxfire               Conj/Fire      28%        2x1d5     10%         1

Your spell library contained the following spells:

 Spells                   Type           Power      Damage    Failure   Level
 Scorch                   Fire           20%        2d6       11%         2
 Freeze                   Ice            4%         1d3       21%         1
 Inner Flame              Hex/Fire       5%         N/A       34%         3
 Kindle Blastsparks       Fire/Tloc/Air  8%         2d10      41%         3
 Hailstorm                Conj/Ice       3%         3d3       45%         3
 Frozen Ramparts          Ice            2%         1d1       52%         3
 Flame Wave               Conj/Fire      7%         2d5       67%         4


Dungeon Overview and Level Annotations

Branches:
Dungeon (2/15)

Altars:


Innate Abilities, Weirdness & Mutations

Your demonic aura sometimes causes spilled blood to erupt in flames.
Your touch may inflict minor irresistible damage on your foes.
You are strong-willed. (Will+)
You are resistant to electric shocks. (rElec)


Message History

Found a club.
You flicker for a moment.
You reach to attack!
You catch the helpless scorpion completely off-guard!
You hit the scorpion but do no damage.
The scorpion is lightly wounded.
You hit the scorpion.
The scorpion is lightly wounded.
The scorpion barely misses you.
You hit the scorpion but do no damage.
The scorpion is lightly wounded.
You flicker back into view.
The scorpion stings you.
You hit the scorpion.
The scorpion is moderately wounded.
The scorpion barely misses you. The scorpion stings you!
You are lethally poisoned!
The scorpion poisons you!
You are too injured to fight recklessly!
You fade into invisibility!
* * * LOW HITPOINT WARNING * * *
You feel very sick. The scorpion closely misses you.
* * * LOW HITPOINT WARNING * * *
You feel sick.
* * * LOW HITPOINT WARNING * * *
You feel sick.
It was a potion of mutation.
You feel extremely strange.
You feel strong-willed.
You feel insulated.
* * * LOW HITPOINT WARNING * * *
You feel sick. The scorpion barely misses you.
Okay, then.
Okay, then.
* * * LOW HITPOINT WARNING * * *
You feel sick.
* * * LOW HITPOINT WARNING * * *
You feel sick. The scorpion barely misses you.
* * * LOW HITPOINT WARNING * * *
You feel sick.
You die...

#########
#.......#
#)......#
#.......#
#.......#
#.......####
#?.!.......#
#..@....##..
#.......# #
#..s....#
#.......####
##.(.......#
#.........#
#.........#
#..........
#.........#


You could see a scorpion (unable to see you).

Vanquished Creatures
  2 adders
  A worm (D:2)
  A dart slug (D:1)
  A ball python (D:1)
  2 endoplasms (D:1)
  A giant cockroach (D:4)
  A goblin (D:4)
  4 hobgoblins (D:1)
  2 jackals (D:1)
  3 frilled lizards (D:1)
  A kobold (D:1)
  A rat (D:1)
20 creatures vanquished.

Vanquished Creatures (others)
  7 foxfires
7 creatures vanquished.

Grand Total: 27 creatures vanquished

Notes
Turn   | Place    | Note
-------+----------+-------------------------------------------
     0 | D:1      | Geeful the Demonspawn Fire Elementalist began the quest for
                  | the Orb.
     0 | D:1      | Reached XP level 1. HP: 13/13 MP: 3/3
   123 | D:1      | Reached skill level 1 in Fighting
   140 | D:1      | Discovered your monstrous ancestry.
   140 | D:1      | Gained mutation: Your touch may inflict minor irresistible
                  | damage on your foes. [demonic ancestry]
   140 | D:1      | Reached XP level 2. HP: 19/21 MP: 5/5
   930 | D:2      | Gained mutation: Your demonic aura sometimes causes spilled
                  | blood to erupt in flames. [demonic ancestry]
   930 | D:2      | Reached XP level 3. HP: 22/27 MP: 1/6
   980 | D:2      | You fall into a shaft and drop 2 floors!
   987 | D:4      | Noticed a scorpion
  1026 | D:4      | Gained mutation: You are strong-willed. (Will+) [potion of
                  | mutation]
  1026 | D:4      | Gained mutation: You are resistant to electric shocks.
                  | (rElec) [potion of mutation]
  1029 | D:4      | HP: 1/27 [poisoned by a scorpion]
  1030 | D:4      | Succumbed to a scorpion's poison

Illustrated notes

Levels and vault maps discovered:
D:1:      lemuel_arrival_funnel, layout_loops_ring
D:2:      layout_loops_ring
D:4:      layout_rooms, grunt_qazlal_clouds, kennysheep_mini_moat, serial_shops,
          shop, grunt_ministairs_5

Skill      XL: |  1  2  3 |
---------------+----------+-----
Dodging        | 2 |  2.7
Fighting       | 1 2 |  2.1
Stealth        | |  1.7
Spellcasting   | |  2.0
Conjurations   | |  1.0
Fire Magic     | |  2.6

Action                     || total
---------------------------++-------
  Melee: Spear             ||    72
         Touch             ||     7
         Punch             ||     1
   Cast: Foxfire           ||     4
    Use: Scroll            ||     3
         Potion            ||     3
   Stab: Sleeping          ||     4
         Invisible         ||     5
 Armour: Robe              ||     7
  Dodge: Dodged            ||    29

Table legend: (Time is in decaauts)
 A = Elapsed time spent in this place.
 B = Non-inter-level travel time spent in this place.
 C = Inter-level travel time spent in this place.
 D = Time resting spent in this place.
 E = Time spent auto-exploring this place.
 F = Levels seen in this place.
 G = Mean time per level.
                   A        B        C        D        E       F      G
               +--------+--------+--------+--------+--------+-----+--------+
         Total |   1036 |    995 |     41 |    100 |    621 |   3 |  345.3 |
       Dungeon |   1036 |    995 |     41 |    100 |    621 |   3 |  345.3 |
               +--------+--------+--------+--------+--------+-----+--------+

Top non-repeatable levels by time:
     D:1: 802 daAuts
     D:2: 182 daAuts
     D:4: 51 daAuts
